 Dungeon Crawl Stone Soup version 0.21-a0-496-g696f58f (webtiles) character file.

1131 Kilingo the Stinger (level 8, -9/48 HPs)
             Began as a Gargoyle Venom Mage on Nov 22, 2017.
             Mangled by Menkaure (11 damage)
             ... on level 5 of the Dungeon on Nov 23, 2017.
             The game lasted 01:27:02 (5066 turns).

Kilingo the Stinger (Gargoyle Venom Mage)           Turns: 5066, Time: 01:27:04

Health: -9/48      AC: 14    Str:  9    XL:     8   Next: 36%
Magic:  12/13      EV: 13    Int: 19    God:
Gold:   250        SH:  0    Dex: 10    Spells: 2/14 levels left

rFire    + . .     SeeInvis .   h - +2 quarterstaff (chaos)
rCold    . . .     Gourm    .   (shield currently unavailable)
rNeg     + . .     Faith    .   c - +1 robe {MR+}
rPois    ∞         Spirit   .   y - +0 helmet
rElec    +         Reflect  .   x - +1 cloak
rCorr    .         Harm     .   o - +2 pair of gloves
MR       ++...                  (no boots)
Stlth    ++........             (no amulet)
HPRegen  0.16/turn              p - ring of protection from fire
MPRegen  0.13/turn              w - ring of protection from magic

@: no status effects
A: deformed body, negative energy resistance 1, robust 1, electricity
resistance, weak 1, unbreathing, petrification resistance, no potion heal 1, rot
immunity, AC +5
a: no special abilities


You were on level 5 of the Dungeon.
You were not hungry.

You visited 1 branch of the dungeon, and saw 5 of its levels.

You collected 250 gold pieces.

Inventory:

Hand Weapons
 e - a +0 flail of draining
 h - a +2 quarterstaff of chaos (weapon)
 i - a +0 dagger
 j - a +0 hunting sling
Armour
 a - a +0 robe
 c - a +1 robe of magic resistance (worn)
 g - a +0 leather armour
 k - a +0 scale mail
 n - a +4 chain mail of poison resistance
 o - a +2 pair of gloves (worn)
 u - a +0 ring mail
 x - a +1 cloak (worn)
 y - a +0 helmet (worn)
Jewellery
 p - a ring of protection from fire (left hand)
 w - a ring of protection from magic (right hand)
Wands
 f - a wand of random effects (1)
 q - a wand of enslavement (5)
Scrolls
 r - 7 scrolls of remove curse
Potions
 d - a potion of lignification
 l - a potion of brilliance
 s - a potion of mutation
 t - a potion of flight {unknown}
 z - a potion of agility
Books
 b - a Young Poisoner's Handbook

   Spells                             Type                      Level
   a - Sting                          Conjuration/Poison           1
   b - Poisonous Vapours              Poison/Air                   2
   c - Mephitic Cloud                 Conjuration/Poison/Air       3
   d - Olgreb's Toxic Radiance        Poison                       4
   e - Venom Bolt                     Conjuration/Poison           5
Comestibles
 m - 3 meat rations
 A - a chunk of flesh


   Skills:
 + Level 2.2 Fighting
 + Level 0.2 Short Blades
 + Level 0.3(2.2) Maces & Flails
 + Level 3.6(3.7) Staves
 + Level 2.6 Armour
 + Level 3.1 Dodging
 + Level 3.4 Stealth
 + Level 1.7 Unarmed Combat
 + Level 3.6 Spellcasting
 + Level 3.8 Conjurations
 + Level 4.8 Poison Magic
 + Level 1.1 Evocations


You had 2 spell levels left.
You knew the following spells:

 Your Spells              Type           Power        Failure   Level  Hunger
a - Sting                 Conj/Pois      ###.         2%          1    None
b - Poisonous Vapours     Pois/Air       ##....       8%          2    ##.....
c - Olgreb's Toxic Radia  Pois           ###.....     19%         4    ####...
d - Venom Bolt            Conj/Pois      ###.......   54%         5    ######.


Dungeon Overview and Level Annotations

Branches:
Dungeon (5/15)
 Temple: D:4-7

Altars:
Ashenzari
Gozag
Trog
Wu Jian

Annotations:
D:5 Menkaure


Innate Abilities, Weirdness & Mutations

You are resistant to torment.
Your stone body is resilient. (AC +5)
You are immune to poison.
You resist negative energy. (rN+)
You are resistant to electric shocks. (rElec)
You can survive without breathing.
You are immune to petrification.
You are immune to rotting.
Armour fits poorly on your strangely shaped body.
You are robust. (+10% HP)
You are weak. (Str -2)
Potions are less effective at restoring your health.


Message History

h - a +2 quarterstaff of chaos (weapon)
Something calls on the powers of darkness!
Your body is wracked with pain!
Something hits your bullfrog zombie!
Your bullfrog zombie is destroyed!
Casting: Sting
Confirm with . or Enter, or press ? or * to list all spells.
Aiming: Sting
Press: ? - help, Shift-Dir - straight line The sting hits something.
You closely miss something. Something hits you but does no damage.
You hit something. You burn something. Something hits you!
* * * LOW HITPOINT WARNING * * *
Okay, then.
As you read the scroll labeled EROESI SARALISK, it crumbles to dust.
The creatures around you are filled with an inner flame!
It was a scroll of immolation.
Something hits you!
* * * LOW HITPOINT WARNING * * *
Something hits you!
You die...

#........# .## .........#
.... .........# #....
#........## ##...#
##........###...# #
#####..........# #
##.........### #. #
#...........###.######
#....@................
#.........##..........
.....#......# #.........
...####..#...###.....#...
.## ##.###...#.........
#.# #............. #..
##............ #..
#.......##### #.....### #


There were no monsters in sight!

Vanquished Creatures
  Sigmund (D:4)
  Edmund (D:3)
  A sky beast (D:5)
  An ogre (D:3)
  A scorpion (D:5)
  A crimson imp (D:5)
  A hound (D:5)
  A bullfrog skeleton (D:5)
  2 orc wizards
  Crazy Yiuf (D:3)
  Ijyb (D:4)
  4 worker ants
  A worker ant zombie (D:3)
  Robin (D:4)
  A howler monkey skeleton (D:4)
  6 adders
  An adder zombie (D:4)
  5 worms
  2 dart slugs
  A leopard gecko (D:3)
  9 orcs
  4 giant cockroaches
  17 goblins
  6 hobgoblins
  9 jackals
  2 quokkas
  2 ball pythons
  10 bats
  4 frilled lizards
  15 kobolds
  9 rats
121 creatures vanquished.

Vanquished Creatures (collateral kills)
  An ice beast (D:5)
  Dowan (D:5)
  2 jackals (D:5)
4 creatures vanquished.

Vanquished Creatures (others)
  A bullfrog zombie (D:5)
1 creature vanquished.

Grand Total: 126 creatures vanquished

Notes
Turn   | Place    | Note
-------+----------+-------------------------------------------
     0 | D:1      | Kilingo the Gargoyle Venom Mage began the quest for the Orb.
     0 | D:1      | Reached XP level 1. HP: 10/10 MP: 3/3
   396 | D:1      | Found a shattered altar of Ashenzari.
   475 | D:1      | Reached XP level 2. HP: 13/15 MP: 0/5
   489 | D:1      | Learned a level 2 spell: Poisonous Vapours
  1214 | D:1      | Reached XP level 3. HP: 19/19 MP: 3/6
  1793 | D:2      | Found a bloodstained altar of Trog.
  1931 | D:2      | Reached skill level 1 in Unarmed Combat
  1931 | D:2      | Reached XP level 4. HP: 19/24 MP: 0/7
  1967 | D:2      | Learned a level 4 spell: Olgreb's Toxic Radiance
  2669 | D:3      | Reached skill level 1 in Armour
  2839 | D:3      | Reached XP level 5. HP: 17/28 MP: 6/8
  3194 | D:3      | Upgraded the game from 0.21-a0-471-gd587bd5 to 0.21-a0-496-g696f58f
  3245 | D:3      | Found a runed door.
  3427 | D:3      | Noticed Crazy Yiuf
  3448 | D:3      | Killed Crazy Yiuf
  3587 | D:4      | Noticed Robin
  3630 | D:4      | Killed Robin
  3630 | D:4      | Reached skill level 1 in Fighting
  3687 | D:4      | Reached XP level 6. HP: 31/34 MP: 6/9
  3733 | D:4      | Reached skill level 4 in Poison Magic
  3779 | D:4      | Noticed Sigmund
  3834 | D:4      | Found an opulent altar of Gozag.
  3874 | D:3      | HP: 1/34 [ogre/giant club (11)]
  3895 | D:3      | Reached skill level 1 in Staves
  4123 | D:3      | Reached XP level 7. HP: 32/38 MP: 5/11
  4224 | D:4      | Noticed Edmund
  4224 | D:4      | Noticed Ijyb
  4265 | D:4      | Killed Ijyb
  4351 | D:3      | Killed Edmund
  4509 | D:4      | Found an ornate altar of the Wu Jian Council.
  4513 | D:4      | Gained mutation: You are weak. (Str -2) [potion of mutation]
  4513 | D:4      | Gained mutation: Armour fits poorly on your strangely shaped body. [potion of mutation]
  4513 | D:4      | Gained mutation: Potions are less effective at restoring your health. [potion of mutation]
  4513 | D:4      | Gained mutation: You are robust. (+10% HP) [potion of mutation]
  4639 | D:4      | Killed Sigmund
  4749 | D:5      | Entered Level 5 of the Dungeon
  4807 | D:5      | Reached XP level 8. HP: 43/48 MP: 13/13
  4814 | D:5      | Learned a level 5 spell: Venom Bolt
  4874 | D:5      | Noticed Dowan
  4887 | D:5      | Killed Dowan
  4991 | D:5      | Reached skill level 1 in Evocations
  5044 | D:5      | Noticed Menkaure
  5066 | D:5      | HP: 2/48 [something (10)]
  5066 | D:5      | Mangled by Menkaure

Vault maps used:
D:1:      dpeg_arrival_arbitrary_b, kennysheep_doodads, evilmike_ruin_ashenzari
D:2:      nicolae_overflow_crystal_walls
D:3:      uniq_crazy_yiuf_cottage
D:4:      overflow_temple_1_default, kennysheep_little_box, uniq_edmund,
          uniq_robin, uniq_sigmund, uniq_ijyb
D:5:      first_bread, minmay_mini_ossuary, uniq_pikel, uniq_menkaure,
          uniq_duvessa

Skill      XL: |  1  2  3  4  5  6  7  8 |
---------------+-------------------------+-----
Dodging        | 2 3 |  3.1
Unarmed Combat | 1 |  1.7
Armour         | 1 2 |  2.6
Conjurations   | 2 3 |  3.8
Fighting       | 1 2 |  2.2
Poison Magic   | 4 |  4.8
Stealth        | 3 |  3.4
Staves         | 1 2 3 |  3.6
Spellcasting   | 3 |  3.6
Evocations     | 1 |  1.1
Short Blades   | |  0.2
Maces & Flails | |  0.3

Action                   |  1- 3 |  4- 6 |  7- 9 || total
-------------------------+-------+-------+-------++-------
Melee: Unarmed           |   143 |    88 |       ||   231
       Dagger            |     1 |     5 |     2 ||     8
       Flail             |       |    40 |       ||    40
       Quarterstaff      |       |    45 |    91 ||   136
       Punch             |       |     1 |       ||     1
 Cast: Sting             |    51 |   105 |    42 ||   198
       Poisonous Vapours |     1 |    10 |     1 ||    12
Evoke: Wand              |       |       |    22 ||    22
  Use: Potion            |     1 |     5 |     1 ||     7
       Scroll            |       |     4 |     4 ||     8
 Stab: Sleeping          |     2 |     1 |     2 ||     5
       Distracted        |       |       |     1 ||     1
  Eat: Chunk             |     1 |     3 |       ||     4
       Bread ration      |     1 |     2 |       ||     3
Armor: Leather armour    |   122 |   106 |    45 ||   273
       Robe              |     1 |       |    22 ||    23
       Skin              |       |       |     2 ||     2
Dodge: Dodged            |   161 |   180 |    61 ||   402

Table legend:
 A = Spawn XP
 B = Non-spawn XP
 C = Spawn XP percentage of total XP
 D = Spawn monster count
 E = Non-spawn monster count
 F = Spawn count percentage of total count
 G = Total turns spent on level
                    A         B        C        D         E        F      G
               +---------+---------+-------+---------+---------+-------+---------
         Total |       0 |    1617 |   0.0 |       0 |     126 |   0.0 |  5066
               +---------+---------+-------+---------+---------+-------+---------
           D:1 |       0 |      34 |   0.0 |       0 |      20 |   0.0 |  1397
           D:2 |       0 |     101 |   0.0 |       0 |      25 |   0.0 |  1264
           D:3 |       0 |     481 |   0.0 |       0 |      39 |   0.0 |  1178
           D:4 |       0 |     497 |   0.0 |       0 |      31 |   0.0 |   910
           D:5 |       0 |     504 |   0.0 |       0 |      11 |   0.0 |   317
               +---------+---------+-------+---------+---------+-------+---------
